 Dungeon Crawl Stone Soup version 0.18-a0-952-g309898a (webtiles) character file.

214 tof the Ruffian (level 5, 0/47 HPs)
             Began as a Minotaur Monk on Dec 30, 2015.
             Succumbed to poison (a potion of poison)
             ... on level 3 of the Dungeon.
             The game lasted 00:07:06 (2227 turns).

tof the Ruffian (Minotaur Monk)                     Turns: 2227, Time: 00:07:07

Health: 0/47       AC: 12    Str: 16    XL:     5   Next: 60%
Magic:  4/4        EV: 11    Int:  7    God:
Gold:   101        SH:  0    Dex: 18    Spells: 0 memorised, 4 levels left

rFire  . . .     SeeInvis .     a - +1 short sword (flame)
rCold  . . .     Gourm    .     w - +0 plate armour
rNeg   . . .     Faith    .     (no shield)
rPois  .         Spirit   .     (helmet unavailable)
rElec  .         Dismiss  .     d - +1 cloak
rCorr  .         Reflect  .     (no gloves)
SustAt .         Harm     .     (no boots)
MR     .....     Clarity  +     (no amulet)
Stlth  ..........               (no ring)
                                (no ring)

@: agile, lethally poisoned (0 -> -21), very slightly contaminated, hasted, very
quick, not resistant to hostile enchantments, extremely unstealthy
A: retaliatory headbutt, horns 3, clarity, evolution 1
a: no special abilities


You were on level 3 of the Dungeon.
You were very hungry.

You visited 1 branch of the dungeon, and saw 3 of its levels.

You collected 101 gold pieces.

Inventory:

Hand Weapons
 a - a +1 short sword of flaming (weapon)
 n - a +0 whip
Missiles
 f - 18 poisoned arrows
 j - 8 arrows of dispersal
 v - 15 poisoned needles
Armour
 d - a +1 cloak (worn)
 w - a +0 plate armour (worn)
Scrolls
 c - a scroll of amnesia
 e - a scroll of remove curse
 h - a scroll of recharging {unknown}
 k - 3 scrolls of identify {unknown}
 m - a scroll of magic mapping {unknown}
 s - a scroll of teleportation {unknown}
Potions
 l - a potion of mutation
 t - a potion of lignification {unknown}
Comestibles
 b - 2 bread rations
 i - 2 meat rations
 u - a beef jerky


   Skills:
 + Level 4.4 Fighting
 + Level 0.4 Short Blades
 + Level 4.3 Dodging
 + Level 2.1 Stealth
 + Level 6.2 Unarmed Combat


You had 4 spell levels left.
You didn't know any spells.

Dungeon Overview and Level Annotations

Branches:
Dungeon (3/15)

Altars:

Portals:
Sewer: D:3

Annotations:
D:3 4thArraOfDagon's ghost, weakling OgHu


Innate Abilities, Weirdness & Mutations

You reflexively headbutt those who attack you in melee.
You have a pair of large horns on your head.
You possess an exceptional clarity of mind.
You evolve.


Message History

You feel sick.
The quokka bites you but does no damage.
The adder bites you but does no damage.
The quokka bites you but does no damage.
Drink which item? (? for menu, Esc to quit)
It was a potion of haste.
You feel yourself speed up.
* * * LOW HITPOINT WARNING * * *
You feel sick. The adder bites you but does no damage.
The quokka bites you but does no damage.
You are very lightly contaminated with residual magic.
Drink which item? (? for menu, Esc to quit)
It was a potion of poison.
That liquid tasted very nasty...
You are more poisoned.
* * * LOW HITPOINT WARNING * * *
You feel sick. The adder bites you but does no damage. The quokka bites you.
* * * LOW HITPOINT WARNING * * *
Drink which item? (? for menu, Esc to quit)
It was a potion of agility.
You feel agile all of a sudden.
You die...

#.#≈∩≈#..
#.#≈≈≈#.#
#.#≈≈≈#.#
#.##'##.###
.........# ###
#.......# ....
#.......# .....
#...<..W###......
#.....sSS@r...?..
#.....SS###......
#.......# ....[
#......... ....
########... ...
...# ## ...# ...#


You could see 4thArraOfDagon's ghost, 4 adders, a quokka and a giant cockroach.

Vanquished Creatures
  Sigmund (D:2)
  Crazy Yiuf (D:2)
  A giant gecko (D:2)
  2 bats (D:2)
  5 hobgoblins
  5 giant cockroaches
  2 giant newts (D:2)
  A goblin (D:2)
  7 kobolds
  5 rats
30 creatures vanquished.

Notes
Turn   | Place    | Note
--------------------------------------------------------------
     0 | D:1      | tof the Minotaur Monk began the quest for the Orb.
     0 | D:1      | Reached XP level 1. HP: 19/19 MP: 0/0
   855 | D:1      | Reached XP level 2. HP: 21/27 MP: 1/1
  1081 | D:2      | Noticed Sigmund
  1091 | D:2      | Killed Sigmund
  1091 | D:2      | Reached skill level 5 in Unarmed Combat
  1091 | D:2      | Reached XP level 3. HP: 11/33 MP: 2/2
  1091 | D:2      | Reached XP level 4. HP: 13/40 MP: 3/3
  1091 | D:2      | Reached XP level 5. HP: 14/46 MP: 4/4
  1092 | D:2      | Reached skill level 6 in Unarmed Combat
  1810 | D:2      | Noticed Crazy Yiuf
  1822 | D:2      | Killed Crazy Yiuf
  2204 | D:3      | Found a glowing drain.
  2204 | D:3      | Noticed 4thArraOfDagon's ghost (weakling OgHu)
  2224 | D:3      | Gained mutation: You evolve. [potion of mutation]
  2224 | D:3      | Gained mutation: You possess an exceptional clarity of mind. [potion of mutation]
  2224 | D:3      | Gained mutation: You have a pair of large horns on your head. [potion of mutation]
  2226 | D:3      | HP: 1/47 [quokka (4)]
  2227 | D:3      | Succumbed to poison (a potion of poison)

Vault maps used:
D:1:      minmay_arrival_doors
D:2:      uniq_sigmund, uniq_crazy_yiuf_cottage
D:3:      gup_sewer_entry_glass

Action                   |  1- 3 |  4- 6 || total
-------------------------+-------+-------++-------
Melee: Short sword       |    20 |    36 ||    56
       Whip              |     8 |       ||     8
  Use: Potion            |       |     4 ||     4
       Scroll            |       |     2 ||     2
 Stab: Sleeping          |     3 |       ||     3
       Invisible         |       |     1 ||     1
  Eat: Chunk             |       |     3 ||     3
